 Seeded DCSS version 0.30-a0-881-g1ff12e1 (webtiles) character file.

Game seed: 4232325450695240870 (custom seed)

236596 PurpleRed the Scorcher (level 19, -3/154 HPs)
             Began as a Naga Summoner on Mar 13, 2023.
             Was a High Priest of Sif Muna.
             Slain by a +3 halberd of protection (11 damage)
             ... on level 1 of the Elven Halls on Mar 14, 2023.
             The game lasted 03:09:55 (39090 turns).

PurpleRed the Scorcher (Naga Summoner)             Turns: 39090, Time: 03:09:56

Health: -3/154     AC: 24    Str: 18    XL:     19   Next: 21%
Magic:  18/37      EV:  7    Int: 32    God:    Sif Muna [*****.]
Gold:   870        SH:  0    Dex:  7    Spells: 4/47 levels left

rFire   + + +      SeeInvis +    A - +8 trident of the Octopus King {venom, rElec rPois}
rCold   + . .      Faith    .    (no shield)
rNeg    . . .      Spirit   .    H - +2 robe {rC+}
rPois   +          Reflect  .    o - +2 helmet
rElec   +          Rampage  .    I - +2 cloak
rCorr   +                        V - +4 pair of gloves of the Louse {rCorr Int+4}
Will    ++...                    c - +0 barding
Stlth   +++                      u - amulet of regeneration
HPRegen 1.25/turn                C - +6 ring of intelligence
MPRegen 0.25/turn                f - ring of the Grand Apple {rF+++ rCorr Str+6 Dex-5 Slay+4}

@: studying Staves, very slow
A: AC +6, large, see invisible, deformed body, poison resistance, slowness 2,
spit poison 1, naga tail 2
}: 2/15 runes: decaying, serpentine
a: Spit Poison, Renounce Religion, Channel Magic, Forget Spell, Divine Exegesis


You were on level 1 of the Elven Halls.
You worshipped Sif Muna.
Sif Muna was extremely pleased with you.
You visited 7 branches of the dungeon, and saw 32 of its levels.
You also visited: Gauntlet and Volcano.

You collected 3222 gold pieces.
You spent 2352 gold pieces at shops.

Inventory:

Hand Weapons
 j - a +9 vampiric lajatang
 k - a +3 trident of holy wrath
 A - the +8 trident of the Octopus King (weapon) {venom, rElec rPois}
   (You found it on level 4 of the Dungeon)

   rElec:     It insulates you from electricity.
   rPois:     It protects you from poison.
 N - the +1 trident of Leaffewaih {flame, rF+ Str+3 Dex+4}
   (You found it on level 8 of the Dungeon)

   Str:       It affects your strength (+3).
   Dex:       It affects your dexterity (+4).
   rF:        It protects you from fire.
Missiles
 d - 8 curare-tipped darts
 B - 4 throwing nets
Armour
 c - a +0 barding (worn)
 i - a +0 robe of the Archmagi
 n - a +2 robe of willpower
 o - a +2 helmet (worn)
 E - a +2 robe of positive energy
 H - a +2 robe of cold resistance (worn)
 I - a +2 cloak (worn)
 V - the +4 pair of gloves of the Louse (worn) {rCorr Int+4}
   (You found it in a Gauntlet)

   Int:       It affects your intelligence (+4).
   rCorr:     It protects you from acid and corrosion.
 Z - a +3 troll leather armour
Magical Staves
 e - a staff of fire
 M - a staff of cold
Jewellery
 a - the amulet "Haqem" {RegenMP Fly rF+ Will- Dex+3}
   (You found it on level 2 of the Swamp)

   [amulet of magic regeneration]

   It increases your rate of magic regeneration.
   Dex:       It affects your dexterity (+3).
   rF:        It protects you from fire.
   Fly:       It grants you flight.
   Will:      It decreases your willpower.
 f - the ring of the Grand Apple (right hand) {rF+++ rCorr Str+6 Dex-5 Slay+4}
   (You acquired it on level 1 of the Snake Pit)

   [ring of strength]

   Str:       It affects your strength (+6).
   Dex:       It affects your dexterity (-5).
   Slay:      It affects your accuracy & damage with ranged weapons and melee
   (+4).
   rF:        It renders you almost immune to fire.
   rCorr:     It protects you from acid and corrosion.
 l - a ring of positive energy
 s - a ring of wizardry
 u - an amulet of regeneration (around neck)
 z - the amulet of Baolyd {RegenMP rF- Int+3 Stlth+}
   (You found it on level 1 of the Snake Pit)

   [amulet of magic regeneration]

   It increases your rate of magic regeneration.
   Int:       It affects your intelligence (+3).
   rF:        It makes you vulnerable to fire.
   Stlth:     It makes you more stealthy.
 C - a +6 ring of intelligence (left hand)
 L - the dreamshard necklace {*Dream Drain}
   (You found it on level 7 of the Dungeon)

   [amulet of nothing]

   *Dream:    It shatters if its wearer takes lethal or near-lethal damage,
   preventing the blow and releasing protective dreams that heal and fight for
   the wearer.
   Drain:     It drains your maximum health when unequipped.
 Q - the ring "Diatho Urel" {rPois MP+9}
   (You found it on level 4 of the Snake Pit)

   [ring of magical power]

   rPois:     It protects you from poison.
   MP:        It affects your magic capacity (+9).
 R - a ring of flight
 S - a +5 ring of evasion
Wands
 g - a wand of acid (20)
 W - a wand of digging (26)
 X - a wand of iceblast (20)
Scrolls
 h - 10 scrolls of fog
 r - 8 scrolls of teleportation
 w - 2 scrolls of blinking
 y - 6 scrolls of magic mapping
 G - 5 scrolls of immolation
 K - a scroll of brand weapon
 P - 3 scrolls of silence
 T - 2 scrolls of fear
Potions
 b - 6 potions of magic
 m - 5 potions of mutation
 p - a potion of flight
 q - a potion of resistance
 t - 18 potions of curing
 v - 2 potions of berserk rage
 x - 3 potions of ambrosia
 D - 4 potions of haste
 F - 7 potions of brilliance
 J - 7 potions of lignification
 O - a potion of heal wounds
 U - 7 potions of might
 Y - 2 potions of invisibility


   Skills:
 - Level 6.0 Fighting
 - Level 2.0 Short Blades
 - Level 10.0(12.7) Polearms
 - Level 12.6(14.0) Staves
 - Level 1.5 Dodging
 - Level 6.0 Stealth
 - Level 14.5 Spellcasting
 - Level 13.2 Conjurations
 - Level 15.0 Summonings
 * Level 17.1 Fire Magic
 - Level 5.0 Earth Magic
 - Level 8.0 Invocations


You had 4 spell levels left.
You knew the following spells:

 Your Spells              Type           Power      Damage    Failure   Level
a - Starburst             Conj/Fire      44%        6d12      1%          6
c - Summon Guardian Gole  Hex/Summ       64%        N/A       1%          3
d - Call Canine Familiar  Summ           88%        N/A       0%          3
e - Summon Lightning Spi  Summ/Air       64%        N/A       1%          4
f - Summon Hydra          Summ           44%        N/A       3%          7
g - Blink                 Tloc           46%        N/A       3%          2
h - Sublimation of Blood  Necr           23%        N/A       3%          2
i - Stone Arrow           Conj/Erth      100%       3d13      1%          3
j - Ignition              Fire           46%        3d13      11%         8
x - Fireball              Conj/Fire      44%        3d18      1%          5

Your spell library contained the following spells:

 Spells                   Type           Power      Damage    Failure   Level
 Foxfire                  Conj/Fire      100%       2x1d9     0%          1
 Magic Dart               Conj           100%       1d8       0%          1
 Summon Small Mammal      Summ           100%       N/A       0%          1
 Call Imp                 Summ           88%        N/A       0%          2
 Scorch                   Fire           100%       2d10      0%          2
 Searing Ray              Conj           100%       2d8       0%          2
 Apportation              Tloc           46%        N/A       1%          1
 Beastly Appendage        Tmut           46%        N/A       1%          1
 Kiss of Death            Conj/Necr      100%       2d13      1%          1
 Necrotise                Necr           92%        1d8       1%          1
 Shock                    Conj/Air       100%       1d9       1%          1
 Slow                     Hex            92%        N/A       1%          1
 Sting                    Tmut/Pois      92%        1d7       1%          1
 Dazzling Flash           Conj/Hex       100%       N/A       1%          3
 Hailstorm                Conj/Ice       60%        3d13      1%          3
 Ignite Poison            Fire/Tmut/Pois 56%        N/A       1%          3
 Inner Flame              Hex/Fire       67%        N/A       1%          3
 Kindle Blastsparks       Fire/Tloc/Air  100%       2d18      1%          3
 Mephitic Cloud           Conj/Pois/Air  51%        N/A       1%          3
 Animate Armour           Summ/Erth      100%       N/A       1%          4
 Flame Wave               Conj/Fire      88%        2d19      1%          4
 Fulminant Prism          Conj/Hex       30%        3d16      1%          4
 Iskenderun's Mystic Bla  Conj/Tloc      60%        2d13      1%          4
 Sticky Flame             Conj/Fire      88%        2d10      1%          4
 Summon Ice Beast         Ice/Summ       64%        N/A       1%          4
 Cigotuvi's Dreadful Rot  Necr/Pois/Air  46%        N/A       3%          2
 Ensorcelled Hibernation  Hex/Ice        46%        N/A       3%          2
 Lesser Beckoning         Tloc           46%        N/A       3%          2
 Poisonous Vapours        Pois/Air       46%        N/A       3%          2
 Wereblood                Tmut           23%        N/A       3%          2
 Confusing Touch          Hex            23%        N/A       6%          3
 Gell's Gravitas          Tloc           23%        N/A       6%          3
 Portal Projectile        Hex/Tloc       46%        N/A       6%          3
 Spider Form              Tmut/Pois      23%        N/A       6%          3
 Teleport Other           Tloc           23%        N/A       6%          3
 Tukima's Dance           Hex            23%        N/A       6%          3
 Vampiric Draining        Necr           23%        2d7       6%          3
 Vhi's Electric Charge    Tloc/Air       46%        N/A       6%          3
 Petrify                  Tmut/Erth      39%        N/A       7%          4
 Anguish                  Hex/Necr       11%        N/A       19%         4
 Dispel Undead            Necr           23%        3d12      19%         4
 Ice Form                 Ice/Tmut       23%        N/A       19%         4
 Olgreb's Toxic Radiance  Pois           23%        N/A       19%         4
 Passage of Golubria      Tloc           23%        N/A       19%         4
 Iskenderun's Battlesphe  Conj           83%        2d13      1%          5
 Summon Cactus Giant      Summ           44%        N/A       1%          6
 Arcjolt                  Conj/Air       30%        1d40      3%          5
 Irradiate                Conj/Tmut      30%        3d21      3%          5
 Lightning Bolt           Conj/Air       30%        1d47      3%          5
 Spellforged Servitor     Conj/Summ      42%        N/A       4%          7
 Lee's Rapid Deconstruct  Erth           26%        3d14*     7%          5
 Iron Shot                Conj/Erth      34%        9d7       7%          6
 Orb of Destruction       Conj           41%        9d11      7%          7
 Freezing Cloud           Conj/Ice/Air   25%        6-21      9%          5
 Borgnjor's Vile Clutch   Necr/Erth      19%        N/A       19%         5
 Summon Horrible Things   Summ           44%        N/A       26%         8
 Agony                    Necr           23%        N/A       47%         5
 Alistair's Intoxication  Tmut/Pois      15%        N/A       47%         5
 Blade Hands              Tmut           11%        N/A       47%         5
 Metabolic Englaciation   Hex/Ice        11%        N/A       47%         5
 Yara's Violent Unravell  Hex/Tmut       11%        3d6       47%         5
 Malign Gateway           Summ/Tloc      32%        N/A       58%         7
 Statue Form              Tmut/Erth      26%        N/A       71%         6
 Eringya's Noxious Bog    Tmut/Pois      11%        N/A       96%         6
 Lehudib's Crystal Spear  Conj/Erth      34%        10d9      96%         8
 Fire Storm               Conj/Fire      44%        8d11      98%         9
 Storm Form               Tmut/Air       11%        N/A       100%        7
 Borgnjor's Revivificati  Necr           11%        N/A       100%        8
 Maxwell's Capacitive Co  Air            11%        ∞         100%        8
 Necromutation            Tmut/Necr      11%        N/A       100%        8
 Death's Door             Necr           11%        N/A       100%        9


Dungeon Overview and Level Annotations

Branches:
Dungeon (15/15)            Temple (1/1) D:7            Lair (5/5) D:10
  Swamp (4/4) Lair:2        Snake (4/4) Lair:2        Slime (0/5) Lair:5
    Orc (2/2) D:10            Elf (1/3) Orc:2        Vaults (0/5) D:14
 Depths (0/4) D:15        Volcano (visited)         Gauntlet (visited)

Altars:
Ashenzari
Cheibriados
Dithmenos
Elyvilon
Fedhas
Gozag
Hepliaklqana
Kikubaaqudgha
Makhleb
Nemelex Xobeh
Okawaru
Qazlal
Ru
Sif Muna
Trog
Uskayaw
Vehumet
Wu Jian
Xom
Yredelemnul
Zin
The Shining One
Jiyva

Shops:
D:4 :   D:5 (   D:7 *   D:8 ([   D:10 (   Orc:2 :((!   Elf:1 (   Snake:2 :
Snake:3 ((!?

Portals:
Trove: D:10 (give 7 scrolls of fear)

Annotations:
D:14 Roxanne
D:15 3 runed translucent doors, exclusion: orange crystal statue
Swamp:3 Bai Suzhen


Innate Abilities, Weirdness & Mutations

Your serpentine skin is tough. (AC +6)
You have supernaturally acute eyesight. (SInv)
Armour fits poorly on your strangely shaped body.
Your system is resistant to poisons. (rPois)
You cover ground very slowly.
You can spit poison.
You can use your snake-like lower body to constrict enemies.


Message History

The bolt of lightning hits you!
* * * LOW HITPOINT WARNING * * *
The bolt of lightning hits you!!
* * * LOW HITPOINT WARNING * * *
The +3 halberd of protection hits you.
* * * LOW HITPOINT WARNING * * *
Blink to where?
Press: ? - help, Dir - move target
As you read the scroll of blinking, it crumbles to dust.
You feel much better.
Casting: Call Canine Familiar (safe; 0% risk of failure)
Confirm with . or Enter, or press ? or * to list all spells.
Okay, then.
Casting: Call Canine Familiar (safe; 0% risk of failure)
Confirm with . or Enter, or press ? or * to list all spells.
An electric hum fills the air.
You feel the dreadful sensation subside.
The +8 trident of the Octopus King {venom, rElec rPois} begins to drip with poison!
A - the +8 trident of the Octopus King (weapon)
{venom, rElec rPois}
Casting: Summon Lightning Spire (mildly dangerous; 1% risk of failure)
Confirm with . or Enter, or press ? or * to list all spells.
A four-headed hydra appears.
You swap places.
The +3 halberd of protection hits you from afar!!
* * * LOW HITPOINT WARNING * * *
Your four-headed hydra bites the +3 halberd of protection.
Your four-headed hydra completely misses the +3 halberd of protection.
Your four-headed hydra bites the +3 halberd of protection!
Your four-headed hydra closely misses the +3 halberd of protection.
Casting: Summon Hydra (dangerous; 3% risk of failure)
Confirm with . or Enter, or press ? or * to list all spells.
An eight-headed hydra appears.
You feel less invigorated.
The +3 halberd of protection hits you from afar!
* * * LOW HITPOINT WARNING * * *
Your four-headed hydra bites the +3 halberd of protection but does no damage.
Your four-headed hydra bites the +3 halberd of protection!
Your four-headed hydra completely misses the +3 halberd of protection.
Your four-headed hydra bites the +3 halberd of protection but does no damage.
The +3 halberd of protection hits you from afar!
You die...

#.##|# ##'...##
#..§.# ##.#####
#e##)# ### ##.##
#)...####.###.##
#...###'##.....'##
#### ##e........#
########..e..)...#
.......'.....D...#
########....(.@..#
#...8.....#
###..D..###
###.### ###


You could see 2 deep elf zephyrmancers, a +3 halberd of protection (ally
target), a friendly eight-headed hydra (summoned), a friendly four-headed hydra
(summoned) and a friendly lightning spire (summoned).

Vanquished Creatures
  3 nagarajas (Snake:4)
  A deep elf demonologist (Elf:1)
  A bunyip (Swamp:2)
  A deep elf high priest (Elf:1)
  A salamander tyrant (Snake:4)
  3 hydras
  Fannar (Lair:1)
  An anaconda (Snake:4)
  A ghost crab (Swamp:4)
  A boulder beetle (D:12)
  2 two-headed ogres
  2 centaur warriors (Orc:2)
  2 dancing weapons (Elf:1)
  An alligator (Swamp:2)
  4 naga warriors (Snake:4)
  A tengu warrior (D:14)
  A death yak (Lair:5)
  12 naga sharpshooters
  An orc high priest (Orc:2)
  Sonja (D:12)
  2 skysharks (Lair:5)
  3 deep elf knights (Elf:1)
  Amaemon (D:10)
  A salamander mystic (Snake:4)
  2 swamp dragons (Swamp:4)
  A spriggan druid (Swamp:4)
  5 naga ritualists
  4 orc knights
  A wizard (D:14)
  2 deep elf archers (Elf:1)
  Pikel (D:5)
  6 deep elf pyromancers (Elf:1)
  3 deep elf zephyrmancers (Elf:1)
  6 mana vipers
  2 salamanders (Snake:4)
  3 ugly things
  A will-o-the-wisp (Swamp:2)
  7 nameless horrors
  An elephant (Lair:3)
  A naga mage (Snake:4)
  5 guardian serpents
  6 black mambas
  A gargoyle (D:13)
  6 cane toads
  An orange demon (D:10)
  A freezing wraith (D:14)
  2 komodo dragons
  A kobold demonologist (D:7)
  3 trolls
  3 meliai (D:14)
  A tyrant leech (Swamp:4)
  2 polar bears (Lair:5)
  2 hornets
  A wolf spider simulacrum (D:14)
  A harpy skeleton (Volcano)
  3 blink frogs
  A raiju (Lair:5)
  A slime creature (D:14)
  A shadow (D:10)
  10 yaks
  A water elemental (Elf:1)
  A vampire (D:11)
  2 spriggans
  2 fire elementals
  3 wyverns
  2 fire bats (Orc:1)
  A vampire mosquito (Swamp:2)
  2 swamp worms (Swamp:1)
  3 wargs (Lair:5)
  2 hell hounds (Lair:5)
  11 nagas
  8 water moccasins
  17 orc warriors
  An ice beast (D:6)
  4 black bears
  2 ogres (Orc:1)
  11 wolves
  11 centaurs
  A lemure (D:5)
  9 bullfrogs
  A scorpion (D:7)
  A wight (D:9)
  A hornet simulacrum (D:15)
  2 electric eels
  4 howler monkeys
  A gnoll bouda (D:5)
  A hound (D:7)
  5 orc priests
  4 orc wizards
  6 gnolls
  An adder (D:6)
  A shadow imp (D:5)
  A white imp (D:6)
  An ufetubus (D:5)
  A worm (D:3)
  2 dart slugs
  29 orcs
  4 ball pythons
  3 endoplasms
  3 giant cockroaches
  2 hobgoblins
  3 quokkas
  6 bats
  3 goblins
  11 kobolds
  3 rats
340 creatures vanquished.

Vanquished Creatures (collateral kills)
  Mlioglotl (Swamp:3)
  Gastronok (D:9)
  Agnes (D:14)
  A thorn hunter (Swamp:4)
  13 nagarajas (Snake:4)
  A fire giant (D:15)
  Aizul (Snake:1)
  A quicksilver ooze (Gauntlet)
  3 eleionomae
  A minotaur (Gauntlet)
  A shambling mangrove (Swamp:4)
  Josephine (Swamp:1)
  4 fire dragons (Swamp:2)
  A salamander tyrant (Snake:4)
  A ghost crab (Swamp:4)
  5 anacondas
  18 hydras
  2 two-headed ogres
  A catoblepas (D:15)
  2 centaur warriors
  3 boulder beetles
  15 death yaks
  2 dancing weapons (Elf:1)
  15 naga warriors
  A death scarab (Gauntlet)
  6 alligators
  A tengu warrior (Gauntlet)
  A shock serpent (Snake:3)
  15 naga sharpshooters
  Nergalle (D:12)
  A fire crab (D:10)
  5 salamander mystics
  A sea snake (Snake:1)
  2 skeletal warriors (Volcano)
  A spriggan druid (Swamp:4)
  8 swamp dragons
  6 naga ritualists
  3 bog bodies
  5 lindwurms (Swamp:2)
  2 anaconda skeletons (Volcano)
  2 deep elf zephyrmancers (Elf:1)
  2 deep elf pyromancers (D:15)
  4 manticores
  2 will-o-the-wisps
  3 orc knights
  7 mana vipers
  A spectral boulder beetle (Gauntlet)
  An orc sorcerer (Orc:2)
  4 cyclopes
  13 salamanders
  2 ugly things (D:12)
  3 elephants
  23 black mambas
  2 guardian serpents (Snake:4)
  3 slime creatures (D:14)
  4 gargoyles (Volcano)
  4 cane toads
  14 naga magi
  2 torpor snails
  A tengu conjurer (D:14)
  6 komodo dragons
  An efreet (D:14)
  A freezing wraith (D:15)
  A yaktaur (shapeshifter) (D:13)
  4 tyrant leeches
  11 polar bears
  10 hornets
  A harpy skeleton (Volcano)
  3 raiju (Lair:5)
  12 blink frogs
  7 trolls
  2 alligator skeletons (Volcano)
  A shadow (D:11)
  3 wyverns
  2 flying skulls (Volcano)
  6 wraiths
  A vampire (D:14)
  Eustachio (D:5)
  25 yaks
  6 spriggans
  A yak (shapeshifter) (D:14)
  A fire bat (Orc:1)
  4 basilisks
  6 vampire mosquitoes
  A steam dragon (D:7)
  3 wargs
  10 swamp worms
  30 nagas
  7 water moccasins
  7 nameless horrors
  11 hell hounds (Lair:5)
  6 swamp drakes (Swamp:4)
  3 sky beasts
  9 black bears
  20 orc warriors
  12 wolves
  5 ogres
  A centaur (D:9)
  2 kobold brigands
  9 bullfrogs
  A gnoll sergeant (D:12)
  6 wights
  6 killer bees (D:10)
  A spriggan skeleton (Volcano)
  8 howler monkeys
  A troll skeleton (Volcano)
  An electric eel (Lair:5)
  A lava snake (Lair:5)
  2 jellies
  8 orc priests
  A hound (D:7)
  A gnoll bouda (D:6)
  An iron imp (D:9)
  A sleepcap (D:6)
  8 orc wizards
  2 naga skeletons (Volcano)
  Robin (D:2)
  11 gnolls
  2 shadow imps
  A dart slug (D:4)
  41 orcs
  4 endoplasms
  A giant cockroach (D:1)
  6 hobgoblins
  A quokka (D:2)
  A bat (D:1)
  7 goblins (D:2)
  4 kobolds
632 creatures vanquished.

Vanquished Creatures (others)
  3 death yaks (Lair:5)
  A naga sharpshooter (Snake:4)
  A lindwurm (Swamp:2)
  A deep elf zephyrmancer (Elf:1)
  A gargoyle (Volcano)
  2 trolls (D:7)
  A tengu conjurer (Gauntlet)
  2 bloated husks (Swamp:1)
  2 yaks (D:6)
  Menkaure (D:5)
  A naga (Snake:4)
  2 water moccasins
  An orc warrior (D:10)
  An ogre (D:6)
  A scorpion (D:6)
  A troll skeleton (Volcano)
  Crazy Yiuf (D:2)
  A gnoll bouda (D:3)
  Terence (D:3)
  An orc wizard (D:5)
  A gnoll (D:3)
  4 orcs (D:5)
  A goblin (D:3)
  4 demonic plants (Gauntlet)
  14 foxfires
  21 fungi
  36 plants
107 creatures vanquished.

Grand Total: 1079 creatures vanquished

Notes
Turn   | Place    | Note
-------+----------+-------------------------------------------
     0 | D:1      | PurpleRed the Naga Summoner began the quest for the Orb.
     0 | D:1      | Reached XP level 1. HP: 15/15 MP: 3/3
    50 | D:1      | Found a faded altar of an unknown god.
   235 | D:1      | Reached XP level 2. HP: 21/22 MP: 5/5
   238 | D:1      | Learned a level 2 spell: Call Imp
  1112 | D:2      | Reached XP level 3. HP: 24/28 MP: 3/6
  1134 | D:2      | Reached skill level 1 in Short Blades
  1135 | D:2      | Noticed Robin
  1139 | D:2      | Killed Robin
  1316 | D:2      | Found a shimmering altar of Xom.
  1348 | D:2      | Learned a level 3 spell: Summon Guardian Golem
  1452 | D:2      | Found a runed translucent door.
  1453 | D:2      | Noticed Crazy Yiuf
  1495 | D:2      | Reached XP level 4. HP: 32/36 MP: 8/8
  1519 | D:2      | Killed Crazy Yiuf
  2068 | D:3      | Reached XP level 5. HP: 42/42 MP: 4/9
  2297 | D:3      | Noticed Terence
  2312 | D:3      | Killed Terence
  2313 | D:3      | Reached skill level 5 in Summonings
  3069 | D:4      | Found the +8 trident of the Octopus King {venom, rElec
                  | rPois}
  3076 | D:4      | Found Zos Zion's Vocational Training.
  3118 | D:4      | Learned a level 3 spell: Call Canine Familiar
  3262 | D:4      | Reached XP level 6. HP: 36/49 MP: 4/11
  3426 | D:5      | Entered Level 5 of the Dungeon
  3488 | D:5      | Noticed a water moccasin
  3510 | D:5      | Killed a water moccasin
  3511 | D:5      | Reached skill level 1 in Polearms
  3511 | D:5      | Reached skill level 5 in Stealth
  3603 | D:5      | Noticed Eustachio
  3627 | D:5      | Reached XP level 7. HP: 19/55 MP: 3/12
  3631 | D:5      | Killed Eustachio
  3746 | D:5      | Found Ryrghe Pon's Weapon Emporium.
  3784 | D:5      | Found a hide-covered altar of Uskayaw.
  3811 | D:5      | Noticed Pikel
  3866 | D:5      | Killed Pikel
  3867 | D:5      | Reached XP level 8. HP: 42/62 MP: 7/15
  3941 | D:5      | Reached skill level 5 in Spellcasting
  3978 | D:5      | Found a hazy altar of Hepliaklqana.
  4119 | D:5      | Found a stormy altar of Qazlal.
  4129 | D:5      | Learned a level 4 spell: Summon Lightning Spire
  4133 | D:5      | Noticed Menkaure
  4651 | D:5      | Killed Menkaure
  4748 | D:6      | Found a shadowy altar of Dithmenos.
  4762 | D:6      | Reached skill level 5 in Polearms
  4764 | D:6      | Found an ornate altar of the Wu Jian Council.
  4924 | D:6      | Reached XP level 9. HP: 68/68 MP: 17/17
  5553 | D:7      | Found Guolikk's General Store.
  5569 | D:7      | Found a staircase to the Ecumenical Temple.
  5577 | Temple   | Entered the Ecumenical Temple
  5586 | Temple   | Became a worshipper of Sif Muna the Loreminder
  5612 | D:7      | Bought a scroll of identify for 24 gold pieces
  5612 | D:7      | Bought a scroll of enchant weapon for 90 gold pieces
  5779 | D:7      | Reached skill level 1 in Fighting
  5779 | D:7      | Reached XP level 10. HP: 78/78 MP: 17/21
  5802 | D:7      | Got Sif Muna's Octavo of Hindering Orientation
  5815 | D:7      | Learned a level 7 spell: Summon Hydra
  5829 | D:7      | Learned a level 2 spell: Blink
  6093 | D:7      | Noticed a two-headed ogre
  6106 | D:7      | Killed a two-headed ogre
  6266 | D:7      | Reached skill level 10 in Summonings
  6411 | D:7      | Noticed a kobold demonologist
  6420 | D:7      | Killed a kobold demonologist
  6541 | D:7      | Noticed a two-headed ogre
  6552 | D:7      | Killed a two-headed ogre
  6839 | D:7      | Noticed a white ugly thing
  6869 | D:7      | Killed a white ugly thing
  6870 | D:7      | Reached skill level 1 in Invocations
  7025 | D:7      | Reached XP level 11. HP: 64/91 MP: 9/23
  7132 | D:7      | Found the dreamshard necklace {*Dream Drain}
  7248 | D:8      | Found Tiuhodgh's Antique Armour Boutique.
  7443 | D:8      | Reached * piety under Sif Muna
  7469 | D:8      | Identified the +1 trident of Leaffewaih {flame, rF+ Str+3
                  | Dex+4}
  7532 | D:8      | Found Xamazam's Weapon Boutique.
  7600 | D:8      | Found an opulent altar of Gozag.
  7680 | D:8      | Noticed a manticore
  7698 | D:8      | Killed a manticore
  8061 | D:9      | Found a glowing golden altar of the Shining One.
  8305 | D:9      | Noticed Gastronok
  8324 | D:9      | Killed Gastronok
  8390 | D:9      | Found a snail-covered altar of Cheibriados.
  8666 | D:9      | Found a burning altar of Makhleb.
  8736 | D:10     | Entered Level 10 of the Dungeon
  8737 | D:10     | Noticed a fire crab
  8738 | D:10     | Found a staircase to the Lair.
  8788 | D:10     | Killed a fire crab
  8861 | D:10     | Found a bloodstained altar of Trog.
  9038 | D:10     | Learned a level 4 spell: Animate Armour
  9081 | D:10     | Noticed an orc knight
  9303 | D:10     | Noticed an orc knight
  9318 | D:10     | Killed an orc knight
  9343 | D:10     | Found a staircase to the Orcish Mines.
  9392 | D:10     | Found Fuufuot's Weapon Emporium.
  9497 | D:10     | Noticed Amaemon
  9502 | D:10     | Reached ** piety under Sif Muna
  9543 | D:10     | Reached skill level 5 in Invocations
  9622 | D:10     | Noticed a nameless horror
  9629 | D:10     | Killed Amaemon
  9630 | D:10     | Reached XP level 12. HP: 79/99 MP: 1/25
  9909 | D:10     | Found a portal to a secret trove of treasure.
 10207 | D:10     | Learned a level 3 spell: Stone Arrow
 10208 | Lair:1   | Entered Level 1 of the Lair of Beasts
 10208 | Lair:1   | Noticed Fannar
 10265 | D:11     | Noticed a centaur warrior
 10349 | Lair:1   | Killed Fannar
 10405 | Lair:1   | Reached skill level 1 in Conjurations
 10405 | Lair:1   | Reached skill level 1 in Earth Magic
 10725 | Lair:1   | Got the Commentary on Venin and Immolation
 10860 | Lair:1   | Identified the +0 leather armour of Resonance {Str+3 Dex+2}
 11304 | Lair:2   | Found a staircase to the Snake Pit.
 11323 | Lair:2   | Noticed a death yak
 11326 | Lair:2   | Noticed a death yak
 11330 | Lair:2   | Killed a death yak
 11337 | Lair:2   | Noticed a death yak
 11338 | Lair:2   | Killed a death yak
 11339 | Lair:2   | Reached skill level 10 in Spellcasting
 11352 | Lair:2   | Killed a death yak
 11902 | Lair:2   | Found a staircase to the Swamp.
 12009 | Lair:2   | Noticed a nameless horror
 12027 | Lair:2   | Killed a nameless horror
 12345 | Lair:2   | Gained mutation: You can use your snake-like lower body to
                  | constrict enemies. [Naga growth]
 12345 | Lair:2   | Reached XP level 13. HP: 96/105 MP: 0/27
 12932 | Lair:3   | Reached skill level 5 in Conjurations
 12932 | Lair:3   | Reached skill level 5 in Earth Magic
 12937 | Lair:3   | Reached *** piety under Sif Muna
 12994 | Lair:3   | Found a gate leading to a gauntlet.
 13013 | Gauntlet | Entered a Gauntlet
 13013 | Gauntlet | Found a transporter.
 13013 | Gauntlet | Found a transporter.
 13023 | Gauntlet | Found a transporter.
 13030 | Gauntlet | Found a transporter.
 13031 | Gauntlet | Found a transporter.
 13045 | Gauntlet | Found a transporter.
 13046 | Gauntlet | Found a transporter.
 13054 | Gauntlet | Noticed a quicksilver ooze
 13055 | Gauntlet | Found a transporter.
 13147 | Gauntlet | Found a transporter.
 13157 | Gauntlet | Found a transporter.
 13161 | Gauntlet | Found a transporter.
 13171 | Gauntlet | Found a transporter.
 13470 | Gauntlet | Killed a quicksilver ooze
 13478 | Gauntlet | Identified the +4 pair of gloves of the Louse {rCorr Int+4}
 13589 | Gauntlet | Noticed a minotaur
 13599 | Gauntlet | Killed a minotaur
 15213 | Lair:5   | Entered Level 5 of the Lair of Beasts
 15339 | Lair:5   | Reached skill level 15 in Summonings
 15411 | Lair:5   | Reached XP level 14. HP: 103/114 MP: 8/28
 15417 | Lair:5   | Learned a level 5 spell: Fireball
 15657 | Lair:5   | Reached skill level 1 in Fire Magic
 15894 | Lair:5   | Reached skill level 2 in Fire Magic
 15896 | Lair:5   | Found a staircase to the Slime Pits.
 15897 | Lair:5   | Found a viscous altar of Jiyva.
 15903 | Lair:5   | Reached **** piety under Sif Muna
 16041 | Lair:5   | Reached skill level 5 in Fighting
 16362 | Lair:5   | Reached skill level 3 in Fire Magic
 16652 | Lair:5   | Reached ***** piety under Sif Muna
 16654 | Lair:5   | Received a gift from Sif Muna
 16655 | Lair:5   | Got Sif Muna's Tome of the Coruscating Body {god gift}
 16832 | Lair:5   | Reached skill level 4 in Fire Magic
 18281 | D:11     | Reached XP level 15. HP: 126/126 MP: 23/30
 18291 | D:11     | Reached skill level 5 in Fire Magic
 18436 | D:12     | Noticed Nergalle
 18442 | D:12     | Noticed Sonja
 18688 | Orc:1    | Entered Level 1 of the Orcish Mines
 18894 | Orc:2    | Entered Level 2 of the Orcish Mines
 18923 | Orc:2    | Found a staircase to the Elven Halls.
 18972 | Orc:1    | Found a dark tunnel.
 19014 | Volcano  | Entered a volcano
 19084 | Volcano  | Received a gift from Sif Muna
 19085 | Volcano  | Got Sif Muna's Guide on Hindering Tephra {god gift}
 19099 | Volcano  | Reached skill level 10 in Polearms
 19376 | Volcano  | Reached skill level 6 in Fire Magic
 19664 | Orc:2    | Upgraded the game from 0.30-a0-879-ga8ba668 to
                  | 0.30-a0-881-g1ff12e1
 20151 | Orc:2    | Reached skill level 10 in Conjurations
 20404 | Orc:2    | Found Isodghoint's Weapon Shop.
 20404 | Orc:2    | Found Yfovai's Weapon Emporium.
 20406 | Orc:2    | Found Atuxeuli's Book Shoppe.
 20408 | Orc:2    | Found Ubrooxzoid's Distillery.
 20412 | Orc:2    | Bought a potion of heal wounds for 85 gold pieces
 20422 | Orc:2    | Bought a potion of magic for 136 gold pieces
 20422 | Orc:2    | Bought a potion of magic for 136 gold pieces
 20422 | Orc:2    | Bought 2 potions of brilliance for 136 gold pieces
 21231 | D:12     | Killed Sonja
 21456 | D:12     | Reached skill level 7 in Fire Magic
 21459 | D:12     | Killed Nergalle
 21476 | D:12     | Identified the +4 quarterstaff "Arcanum" {protect, Int+3}
 21723 | D:12     | Learned a level 6 spell: Starburst
 21736 | D:12     | Learned a level 2 spell: Sublimation of Blood
 23213 | D:14     | Identified Roxanne's Octavo of Changing
 23213 | D:14     | Noticed Roxanne
 23217 | D:14     | Found an iron altar of Okawaru.
 23354 | D:14     | Found a gate to the Vaults.
 23354 | D:14     | Noticed Agnes
 23456 | D:14     | Killed Agnes
 23468 | D:14     | Reached skill level 8 in Fire Magic
 23598 | D:14     | Reached XP level 16. HP: 133/133 MP: 26/32
 23764 | D:15     | Entered Level 15 of the Dungeon
 23924 | D:15     | Found a runed translucent door.
 23946 | D:15     | Found a runed translucent door.
 23960 | D:15     | Found a runed translucent door.
 24319 | D:15     | Found a staircase to the Depths.
 24388 | D:15     | Found a runed translucent door.
 24861 | Swamp:1  | Entered Level 1 of the Swamp
 25042 | Swamp:1  | Received a gift from Sif Muna
 25049 | Swamp:1  | Got Sif Muna's Encyclopedia of Phlogiston {god gift}
 25151 | Swamp:1  | Noticed Josephine
 25172 | Swamp:1  | Killed Josephine
 25699 | Swamp:2  | Reached skill level 9 in Fire Magic
 25904 | Swamp:2  | Identified the amulet "Haqem" {RegenMP Fly rF+ Will- Dex+3}
 27036 | Swamp:3  | Noticed Bai Suzhen
 27181 | Swamp:3  | Noticed Mlioglotl
 27188 | Swamp:3  | Killed Mlioglotl
 27307 | Swamp:4  | Entered Level 4 of the Swamp
 27327 | Swamp:4  | Reached skill level 10 in Fire Magic
 27469 | Swamp:4  | Received a gift from Sif Muna
 27654 | Swamp:4  | Noticed a thorn hunter
 27661 | Swamp:4  | Killed a thorn hunter
 28395 | Swamp:4  | Reached XP level 17. HP: 111/140 MP: 9/35
 28415 | Swamp:4  | Paralysed by a hornet for 1 turns
 28644 | Swamp:4  | Reached skill level 11 in Fire Magic
 28666 | Swamp:4  | Got a decaying rune of Zot
 29093 | Snake:1  | Entered Level 1 of the Snake Pit
 29277 | Snake:1  | Noticed Aizul
 29287 | Snake:1  | Killed Aizul
 29780 | Snake:1  | Identified a scroll of acquirement
 29781 | Snake:1  | Acquired the ring of the Grand Apple {rF+++ rCorr Str+6
                  | Dex-5 Slay+4}
 29858 | Snake:1  | Identified the amulet of Baolyd {RegenMP rF- Int+3 Stlth+}
 29887 | Snake:1  | Received a gift from Sif Muna
 29888 | Snake:1  | Reached skill level 12 in Fire Magic
 29888 | Snake:1  | Got Ehior Zism's Parchment of Gelid Hurting {god gift}
 30589 | Snake:1  | Learned a level 8 spell: Ignition
 31971 | Snake:2  | Reached skill level 13 in Fire Magic
 32582 | Snake:2  | Found Zemnoong's Self-Improvement Boutique.
 32593 | Snake:2  | Bought a manual of Staves for 1040 gold pieces
 32631 | Snake:2  | Reached skill level 1 in Staves
 33489 | Snake:3  | Found Lodopson's Antique Weapon Boutique.
 33526 | Snake:3  | Found Eqousal's Magic Scroll Shop.
 33526 | Snake:3  | Found Wuozolus's Weapon Boutique.
 33530 | Snake:3  | Found Cutefo's Distillery.
 33547 | Snake:3  | Bought a potion of heal wounds for 95 gold pieces
 33547 | Snake:3  | Bought a potion of brilliance for 76 gold pieces
 33547 | Snake:3  | Bought a potion of haste for 190 gold pieces
 33556 | Snake:3  | Bought a scroll of magic mapping for 112 gold pieces
 33556 | Snake:3  | Bought a scroll of fear for 60 gold pieces
 33556 | Snake:3  | Bought a scroll of fear for 60 gold pieces
 33556 | Snake:3  | Bought a scroll of magic mapping for 112 gold pieces
 33667 | Snake:3  | Reached skill level 5 in Staves
 34561 | Snake:4  | Entered Level 4 of the Snake Pit
 34749 | Snake:4  | Reached XP level 18. HP: 147/147 MP: 28/36
 35279 | Snake:4  | Reached skill level 10 in Staves
 35378 | Snake:4  | Reached skill level 14 in Fire Magic
 35507 | Snake:4  | Identified the ring "Diatho Urel" {rPois MP+9}
 35989 | Snake:4  | Received a gift from Sif Muna
 35990 | Snake:4  | Got Sif Muna's Grimoire of Ashes {god gift}
 36187 | Snake:4  | Acquired a staff of fire
 36820 | Snake:4  | Reached skill level 15 in Fire Magic
 37477 | Snake:4  | Reached skill level 16 in Fire Magic
 37684 | Snake:4  | Reached XP level 19. HP: 116/154 MP: 13/37
 37771 | Snake:4  | Got a serpentine rune of Zot
 38079 | Elf:1    | Entered Level 1 of the Elven Halls
 38230 | Elf:1    | Found Sil Cev's Weapon Shoppe.
 38855 | Elf:1    | Received a gift from Sif Muna
 38856 | Elf:1    | Got Sif Muna's Anthology of Inflammable Attacks {god gift}
 39049 | Elf:1    | Reached skill level 17 in Fire Magic
 39082 | Elf:1    | HP: 5/154 [+3 halberd of protection (3)]
 39090 | Elf:1    | Slain by a +3 halberd of protection

Illustrated notes

Levels and vault maps discovered:
D:1:      giann_horns, layout_loops_corners, basic_ecumenical_altar
D:2:      layout_basic, basic_altar, uniq_robin, uniq_crazy_yiuf_cottage
D:3:      layout_basic, uniq_terence
D:4:      layout_rooms, nicolae_shop_vocational
D:5:      layout_rooms, general_overflow_altar,
          worldfamousw_hep_ancestral_shrine, nicolae_qazlal_general_emergency,
          serial_shops, nicolae_shop_window_shopping, uniq_pikel,
          uniq_eustachio, uniq_menkaure
D:6:      layout_loops_cross, mainiacjoe_overflow_catwalk,
          nicolae_dithmenos_the_darkroom
D:7:      minmay_the_grid_octo_2x2 [minmay_the_grid_octo_clover,
          minmay_the_grid_octo_empty, minmay_the_grid_octo_empty,
          minmay_the_grid_octo_prize_single_spiral], layout_loops_corners,
          temple_green, serial_shops, shop, nicolae_zen_rock_garden
D:8:      layout_rooms, grunt_gozag_statues, serial_shops, shop, shop,
          eino_small_chamber_without_monster
D:9:      layout_irregular_city, lemuel_crystal_altar, slow_altar_2,
          nicolae_overflow_hidden_temple, minmay_stone_trees_small,
          minivault_24, uniq_gastronok
D:10:     layout_small_grid, mainiacjoe_overflow_boulevard,
          minmay_lair_entry_lava, orc_david_3, enter_trove_2, uniq_amaemon
D:11:     hellmonk_crumbling_castle, layout_grid_maze, special_room
          [special_room_orc]
D:12:     layout_rooms, serial_rivers, chequers_serial_rivers_micro_b,
          chequers_serial_rivers_micro_d, chequers_serial_rivers_small_b,
          chequers_serial_rivers_micro_c, chequers_serial_rivers_micro_a,
          chequers_serial_rivers_micro_c, uniq_sonja, uniq_nergalle
D:13:     layout_loops_ring
D:14:     layout_big_octagon, david_vaults_1, okawaru_trees_2,
          hangedman_decor_points, uniq_agnes, uniq_roxanne
D:15:     grunt_enter_depths_giant_problem, layout_irregular_city,
          minmay_statue_crystal_thing
Temple:   hellmonk_temple_two_chambers
Lair:1:   layout_roguey, uniq_fannar
Lair:2:   layout_cave_pods, skrybe_swamp_entry_bodies,
          minmay_snake_entry_guardpost_small, chequers_serial_rivers_room_b,
          beast_lair_carwin_6
Lair:3:   layout_big_grid, gauntlet_entry_generic, infiniplex_staircase_pool_2,
          lemuel_fruit_tree
Lair:4:   layout_gridlike, serial_bayou_ford_a, cheibrodos_lair_lostbears,
          serial_bayou_shore_a
Lair:5:   hangedman_lair_caniforms_friends, layout_gridlike, slime_entry_1
Swamp:1:  layout_basic_swamp, evilmike_swamp_ruin_house_5, uniq_josephine
Swamp:2:  layout_basic_swamp, wheals_swamp_sinkhole, swamp_pool4,
          hangedman_swamp_double_dragon, infiniplex_staircase_pool
Swamp:3:  layout_basic_swamp, evilmike_swamp_ruin_rubble_1, uniq_bai_suzhen,
          uniq_mlioglotl
Swamp:4:  swamp, layout_basic_swamp, swamp_pool4,
          nicolae_swamp_feature_on_the_river_bank
Snake:1:  nicolae_snake_shooting_gallery, layout_chambers, grunt_megastairs_1,
          uniq_aizul
Snake:2:  layout_onion_interference, nicolae_shop_self_help
Snake:3:  layout_chambers, nicolae_snake_yet_another_twisty_hallway,
          minmay_shoptagon
Snake:4:  grunt_snake_rune_spirals, layout_onion, nicolae_snake_magic_snake_eye
Orc:1:    layout_caves, nicolae_volcano_entry_batcave
Orc:2:    st_orc_rangers, layout_caves
Elf:1:    layout_geoelf_diagonals, serial_shops, nicolae_shop_hallway_plus,
          hangedman_elf_represent, roderic_lattice_octagonal_star, uniq_asterion

Skill      XL: |  1  2  3  4  5  6  7  8  9 10 11 12 13 14 15 16 17 18 19 |
---------------+----------------------------------------------------------+-----
Short Blades   | 1 2 |  2.0
Stealth        | 4 5 6 |  6.0
Spellcasting   | 3 4 5 7 8 9 10 11 12 14 | 14.5
Summonings     | 5 6 7 9 10 12 13 15 | 15.0
Polearms       | 2 4 5 6 7 8 9 10 | 10.0
Fighting       | 1 3 4 6 |  6.0
Invocations    | 1 5 7 8 |  8.0
Conjurations   | 4 7 9 11 12 13 | 13.2
Earth Magic    | 4 5 |  5.0
Fire Magic     | 4 8 10 13 16 17 | 17.1
Staves         | 7 12 | 12.6
Dodging        | |  1.5

Action                     |  1- 3 |  4- 6 |  7- 9 | 10-12 | 13-15 | 16-18 | 19-21 || total
---------------------------+-------+-------+-------+-------+-------+-------+-------++-------
  Melee: Quarterstaff      |    19 |       |       |       |       |       |       ||    19
         Short sword       |    55 |    38 |     2 |       |       |       |       ||    95
         Punch             |     2 |       |       |     4 |     9 |     6 |       ||    21
         Trident           |       |    28 |    74 |   248 |   483 |   341 |       ||  1174
         Constrict         |       |       |       |       |    97 |   101 |     9 ||   207
         Lajatang          |       |       |       |       |       |   124 |    47 ||   171
  Throw: Dart              |       |     1 |       |       |       |       |       ||     1
   Cast: Summon Small Mamm |    15 |     3 |     3 |       |       |       |       ||    21
         Call Imp          |     5 |    10 |    13 |    19 |    14 |       |       ||    61
         Summon Guardian G |       |     7 |     8 |     8 |     9 |       |       ||    32
         Call Canine Famil |       |     4 |    16 |    50 |    66 |    56 |     2 ||   194
         Summon Lightning  |       |       |     2 |    57 |    21 |    42 |     2 ||   124
         Summon Hydra      |       |       |       |     9 |   109 |   217 |    11 ||   346
         Animate Armour    |       |       |       |     1 |       |       |       ||     1
         Stone Arrow       |       |       |       |     4 |       |       |       ||     4
         Blink             |       |       |       |     1 |     2 |       |       ||     3
         Fireball          |       |       |       |       |    43 |     7 |       ||    50
         Starburst         |       |       |       |       |     1 |       |       ||     1
         Ignition          |       |       |       |       |       |    14 |     4 ||    18
 Invoke: Channel Magic     |       |       |       |     2 |     4 |     2 |     1 ||     9
Ability: Spit Poison       |       |       |       |     2 |     2 |     1 |       ||     5
  Evoke: Wand              |       |       |       |     4 |       |     2 |     1 ||     7
    Use: Scroll            |       |     4 |    11 |    16 |    10 |    13 |     1 ||    55
         Potion            |       |     1 |     1 |     5 |     6 |       |     4 ||    17
   Stab: Sleeping          |     6 |     4 |     3 |     2 |     1 |       |     2 ||    18
         Distracted        |       |     2 |     2 |     3 |     7 |    19 |       ||    33
 Armour: Robe              |    41 |    36 |    19 |   100 |   264 |   261 |    23 ||   744
         Skin              |       |       |       |    41 |       |       |       ||    41
  Dodge: Dodged            |    50 |    36 |    28 |   145 |   483 |   419 |     9 ||  1170
  Block: Tower shield      |       |       |       |     2 |       |       |       ||     2

Table legend: (Time is in decaauts)
 A = Elapsed time spent in this place.
 B = Non-inter-level travel time spent in this place.
 C = Inter-level travel time spent in this place.
 D = Time resting spent in this place.
 E = Time spent auto-exploring this place.
 F = Levels seen in this place.
 G = Mean time per level.
                   A        B        C        D        E       F      G
               +--------+--------+--------+--------+--------+-----+--------+
         Total |  47989 |  44988 |   3001 |   3957 |  28206 |  34 | 1411.4 |
       Dungeon |  19738 |  18342 |   1396 |    904 |  12099 |  15 | 1315.9 |
        Temple |     36 |     36 |      0 |      0 |      8 |   1 |   36.0 |
          Lair |   8027 |   7386 |    641 |    181 |   5314 |   5 | 1605.4 |
         Swamp |   4893 |   4669 |    224 |    470 |   3067 |   4 | 1223.2 |
     Snake Pit |  10697 |  10195 |    502 |   1403 |   6207 |   4 | 2674.2 |
  Orcish Mines |   2417 |   2241 |    176 |    685 |    802 |   2 | 1208.5 |
   Elven Halls |    745 |    683 |     62 |      0 |    497 |   1 |  745.0 |
       Volcano |    606 |    606 |      0 |    167 |      0 |   1 |  606.0 |
      Gauntlet |    826 |    826 |      0 |    147 |    210 |   1 |  826.0 |
               +--------+--------+--------+--------+--------+-----+--------+

Top non-repeatable levels by time:
 Snake:4: 3731 daAuts
 Snake:1: 3651 daAuts
    D:10: 2439 daAuts
  Lair:5: 2349 daAuts
  Lair:2: 2247 daAuts
     D:7: 2108 daAuts
 Snake:3: 2034 daAuts
 Swamp:4: 1839 daAuts
    D:11: 1820 daAuts
 Swamp:2: 1664 daAuts
     D:5: 1564 daAuts
     D:3: 1427 daAuts
     D:1: 1418 daAuts
  Lair:4: 1378 daAuts
 Snake:2: 1279 daAuts
